 Dungeon Crawl Stone Soup version 0.31-a0-986-g5e6e4ef867 (webtiles) character file.

Game seed: 17017723202366214899

2091 Firecrotchwizard the Grappler (level 9, -10/78 HPs)
             Began as a Purple Draconian Shapeshifter on Nov 18, 2023.
             Was an Initiate of Gozag.
             Mangled by Joseph
             ... wielding a +0 quarterstaff
              (16 damage)
             ... on level 7 of the Dungeon.
             The game lasted 00:20:53 (5357 turns).

Firecrotchwizard the Grappler (DrSh)                Turns: 5357, Time: 00:20:54

Health: -10/78     AC:  7    Str: 20    XL:     9   Next: 6%
Magic:  9/9        EV: 12    Int: 12    God:    Gozag
Gold:   330        SH:  0    Dex: 10    Spells: 8/8 levels left

rFire   . .          .
                       - Unarmed
rCold   . . .        (no shield)
rNeg    . . .        (body armour unavailable)
rPois   .            (helmet currently unavailable)
rElec   .            (cloak currently unavailable)
rCorr   .            (gloves currently unavailable)
SInv    .            (boots currently unavailable)
Will    +....        u - amulet of regeneration
Stlth   +            (no ring)
HPRegen 1.13/turn    (no ring)
MPRegen 0.11/turn

%: no passive effects
@: beast-form
A: beast (slay +3), breathe power, AC +7, unfitting armour, cold-blooded
a: Breathe Dispelling Energy, Begin Untransformation, Renounce Religion, Potion
Petition, Call Merchant, Bribe Branch


You were on level 7 of the Dungeon.
You worshipped Gozag.
Gozag was aware of your devotion.
You were a hulking beast.
You visited 2 branches of the dungeon, and saw 8 of its levels.
You also visited: Sewer.

You collected 485 gold pieces.
You paid 155 gold pieces to Gozag.

Inventory:

Missiles
 p - 29 poisoned darts
 B - a throwing net {@!f}
Armour
 g - a +0 ring mail
Jewellery
 u - an amulet of regeneration (around neck)
Talismans
 b - a beast talisman
 c - a flux talisman
Scrolls
 d - a scroll of poison
 i - 2 scrolls of identify
 j - 2 scrolls of fear
 t - 4 scrolls of teleportation
 A - 2 scrolls of immolation
Potions
 a - a potion of lignification
 e - a potion of attraction {unknown}
 f - 4 potions of curing
 h - 4 potions of mutation
 k - a potion of berserk rage {unknown}
 n - a potion of resistance {unknown}
 q - 2 potions of invisibility
 r - 2 potions of brilliance
 s - a potion of heal wounds {unknown}
 v - 2 potions of haste
 w - 2 potions of magic
 x - a potion of might {unknown}
 C - a potion of enlightenment {unknown}


   Skills:
 + Level 6.5 Fighting
 - Level 1.7 Dodging
 * Level 9.1 Unarmed Combat
 + Level 6.1 Shapeshifting


You had 8 spell levels left.
You didn't know any spells.
Your spell library contained the following spells:

 Spells                   Type           Power      Damage    Failure   Level
 Magic Dart               Conj           0%         1d3       32%         1
 Necrotise                Necr           0%         1d4       32%         1
 Call Imp                 Summ           0%         N/A       45%         2
 Static Discharge         Conj/Air       0%         3-3/arc   45%         2
 Mephitic Cloud           Conj/Pois/Air  0%         N/A       69%         3
 Vampiric Draining        Necr           0%         2d6       69%         3
 Airstrike                Air            0%         2d(0-16)  97%         4
 Summon Lightning Spire   Summ/Air       0%         N/A       97%         4
 Agony                    Necr           0%         N/A       100%        5


Dungeon Overview and Level Annotations

Branches:
Dungeon (7/15)             Temple (1/1) D:7           Sewer (visited)

Altars:
Ashenzari
Cheibriados
Dithmenos
Elyvilon
Gozag
Hepliaklqana
Kikubaaqudgha
Makhleb
Nemelex Xobeh
Okawaru
Ru
Sif Muna
Uskayaw
Vehumet
Xom
Zin
The Shining One

Annotations:
D:7 Dowan, Duvessa, Joseph


Innate Abilities, Weirdness & Mutations

You are a hulking beast.
Your limbs bulge with bestial killing power. (Slay +3)
You can breathe bolts of dispelling energy.
Your rich purple scales are hard. (AC +7)
You cannot fit into any form of body armour.
You are cold-blooded and may be slowed by cold attacks.


Message History

Found a staircase to the Ecumenical Temple.
There is a staircase to the Ecumenical Temple here.
You climb downwards.
Welcome to the Ecumenical Temple!
Found five altars.
Found a staircase back to the Dungeon.
There is a staircase back to the Dungeon here.
Found a shimmering blue altar of Sif Muna.
Found a shadowy altar of Dithmenos.
Found an opulent altar of Gozag.
There is an iron altar of Okawaru here.
Found a sparkling altar of Nemelex Xobeh.
There is an opulent altar of Gozag here.
You kneel at the altar of Gozag.
Gozag welcomes you!
You pay a service fee of 155 gold.
There is a staircase back to the Dungeon here.
You climb upwards.
Welcome back to the Dungeon!
Level annotation: Dowan, Duvessa
There is a staircase to the Ecumenical Temple here.
You now have 330 gold pieces (gained 16).
Things that are here:
a +0 robe; a +0 spear
e - a white potion A bullfrog comes into view.
A bullfrog is nearby!
The bullfrog gives a loud, deep croak!
The bullfrog misses you.
You punch the bullfrog!
The bullfrog is moderately wounded.
The bullfrog barely misses you.
You punch the bullfrog! You tail-slap the bullfrog.
The bullfrog is almost dead.
The bullfrog hits you but does no damage.
The bullfrog barely misses you.
You hit the bullfrog.
You kill the bullfrog!
Joseph, a Mercenary comes into view.
He is wielding a +0 quarterstaff and wearing a +2 ring mail of willpower.
You start waiting.
Joseph is nearby!
Joseph shouts!
Something shouts, "Quit, thou gleeking miscreant skainsmate!"
Joseph unwields a +0 quarterstaff.
Joseph wields a +1 sling of flaming.
It bursts into flame!
Joseph shoots a sling bullet.
The sling bullet barely misses you.
A white imp comes into view.
The white imp shouts, "Face thy requiem, thou pandering folly-fallen mule!"
You hit Joseph.
Your tail-slap misses Joseph.
Joseph is lightly wounded.
Joseph unwields a +1 sling of flaming.
It stops flaming.
Joseph wields a +0 quarterstaff.
Joseph hits you but does no damage.
You closely miss Joseph.
Joseph is lightly wounded.
The white imp gestures at you. The puff of frost hits you.
Joseph hits you with a +0 quarterstaff!
You hit Joseph.
Your tail-slap misses Joseph.
Joseph is lightly wounded.
Joseph hits you with a +0 quarterstaff!
You hit Joseph but do no damage.
Your tail-slap misses Joseph.
Joseph is lightly wounded.
The white imp barely misses you.
You hit Joseph.
Joseph is lightly wounded.
Joseph hits you with a +0 quarterstaff! The white imp closely misses you.
You punch Joseph!
Joseph is moderately wounded.
Joseph closely misses you. The white imp closely misses you.
You punch Joseph!
Joseph is heavily wounded.
Joseph hits you with a +0 quarterstaff!
* * * LOW HITPOINT WARNING * * *
You hit Joseph.
Joseph is heavily wounded.
The white imp hits you but does no damage.
Joseph closely misses you.
You hit Joseph.
Joseph is heavily wounded.
The white imp closely misses you. Joseph hits you with a +0 quarterstaff!
* * * LOW HITPOINT WARNING * * *
You punch Joseph! You tail-slap Joseph.
Joseph is almost dead.
The white imp closely misses you.
You closely miss Joseph.
Joseph is almost dead.
Joseph closely misses you. The white imp gestures at you.
The puff of frost hits you.
* * * LOW HITPOINT WARNING * * *
You hit Joseph. You tail-slap Joseph, but do no damage.
Joseph is almost dead.
Joseph hits you with a +0 quarterstaff!
* * * LOW HITPOINT WARNING * * *
The white imp hits you but does no damage.
You closely miss Joseph.
Joseph is almost dead.
Joseph closely misses you.
Unknown command.
You hit Joseph.
Joseph is almost dead.
The white imp barely misses you. Joseph hits you with a +0 quarterstaff!
You die...
Your body crumbles into a pile of gold.

.##...†...........#######
...<..)[..........########
.#............[...#.......
#.########.......#.......
#. ...........#....... #.
(...........#....... #.
.............#.....@. #.
......#.#.#.##....... #.
......#....h5.$......
..........#@##.......
#########.. .......
####....... #######


You could see Joseph and a white imp.

Vanquished Creatures
  Eustachio (D:4)
  2 ice beasts (D:5)
  An orc warrior (D:6)
  3 black bears
  A centaur (D:7)
  A kobold brigand (D:7)
  2 bullfrogs (D:7)
  A gnoll sergeant (D:5)
  2 scorpions (D:5)
  2 wights (D:7)
  2 hounds
  5 jellies
  3 orc priests
  3 iguanas
  7 orc wizards
  4 gnolls (D:5)
  7 adders
  A shadow imp (D:6)
  2 ufetubi (D:5)
  3 worms
  6 dart slugs
  17 orcs
  5 bats
  18 endoplasms
  8 giant cockroaches
  9 hobgoblins
  3 jackals (D:2)
  5 quokkas
  11 ball pythons
  16 frilled lizards
  6 goblins
  20 kobolds
  11 rats
188 creatures vanquished.

Notes
Turn   | Place    | Note
-------+----------+-------------------------------------------
     0 | D:1      | Firecrotchwizard the Draconian Shapeshifter began the quest
                  | for the Orb.
     0 | D:1      | Reached XP level 1. HP: 16/16 MP: 1/1
   128 | D:1      | Reached XP level 2. HP: 21/23 MP: 2/2
   341 | D:1      | Reached XP level 3. HP: 22/29 MP: 3/3
   660 | D:2      | Reached skill level 4 in Unarmed Combat
   869 | D:2      | Reached XP level 4. HP: 32/37 MP: 4/4
  1889 | D:4      | Reached XP level 5. HP: 36/44 MP: 5/5
  2083 | D:4      | Reached skill level 5 in Unarmed Combat
  2142 | D:4      | Found a snail-covered altar of Cheibriados.
  2206 | D:4      | Found a glowing drain.
  2212 | Sewer    | Entered a sewer
  2277 | Sewer    | Reached XP level 6. HP: 51/51 MP: 6/6
  2355 | Sewer    | Found a viscous altar of Jiyva.
  2696 | D:5      | Entered Level 5 of the Dungeon
  2700 | D:5      | Noticed an ice beast
  2733 | D:5      | Noticed Eustachio
  2777 | D:4      | Killed Eustachio
  2778 | D:4      | Reached skill level 6 in Unarmed Combat
  2778 | D:4      | Your scales start taking on a rich purple colour.
  2778 | D:4      | Reached XP level 7. HP: 57/59 MP: 7/7
  3314 | D:5      | Reached skill level 7 in Unarmed Combat
  3339 | D:5      | Reached skill level 5 in Shapeshifting
  3463 | D:5      | Reached skill level 5 in Fighting
  3474 | D:5      | Reached XP level 8. HP: 37/68 MP: 8/8
  3529 | D:5      | Found an ancient bone altar of Kikubaaqudgha.
  3906 | D:5      | Found a burning altar of Makhleb.
  4244 | D:6      | Reached skill level 8 in Unarmed Combat
  4821 | D:7      | Noticed Duvessa
  4827 | D:7      | Noticed Dowan
  5212 | D:7      | Reached skill level 9 in Unarmed Combat
  5212 | D:7      | Reached XP level 9. HP: 77/78 MP: 9/9
  5237 | D:7      | Found a staircase to the Ecumenical Temple.
  5243 | Temple   | Entered the Ecumenical Temple
  5257 | Temple   | Became a worshipper of Gozag Ym Sagoz the Greedy
  5297 | D:7      | Noticed Joseph
  5357 | D:7      | Mangled by Joseph

Illustrated notes

Levels and vault maps discovered:
D:1:      scummos_arrival_forest, layout_rooms, hangedman_feature_mirror
D:2:      cheibrodos_helix_gallery, layout_basic
D:3:      minmay_spotlight, layout_rooms, minmay_mini_jars
D:4:      layout_rooms, kennysheep_mini,
          mainiacjoe_sewer_entry_somewhere_in_here_1,
          chequers_serial_rivers_small_a, amcnicky_mini_rare_corridor_liquid
D:5:      layout_basic, mainiacjoe_overflow_surrounded_room, bloody_makhleb,
          kennysheep_boxes, uniq_eustachio
D:6:      layout_basic, st_stairs_14
D:7:      layout_basic, minmay_temple_entry_wispy, uniq_joseph, uniq_duvessa
Temple:   nicolae_temple_bog_church

Skill      XL: |  1  2  3  4  5  6  7  8 |
---------------+-------------------------+-----
Fighting       | 2 3 4 5 6 |  6.5
Unarmed Combat | 4 5 6 7 9 |  9.1
Shapeshifting  | 4 5 6 |  6.1
Dodging        | |  1.7

Action                     |  1- 3 |  4- 6 |  7- 9 || total
---------------------------+-------+-------+-------++-------
  Melee: Unarmed           |   107 |   234 |   168 ||   509
         Tailslap          |    12 |    22 |    24 ||    58
         Punch             |     1 |     6 |     7 ||    14
Ability: Breathe Dispellin |       |       |     7 ||     7
    Use: Potion            |       |     1 |     1 ||     2
         Scroll            |       |       |    16 ||    16
 Armour: Skin              |    45 |   123 |   126 ||   294
  Dodge: Dodged            |    60 |   112 |    91 ||   263

Table legend: (Time is in decaauts)
 A = Elapsed time spent in this place.
 B = Non-inter-level travel time spent in this place.
 C = Inter-level travel time spent in this place.
 D = Time resting spent in this place.
 E = Time spent auto-exploring this place.
 F = Levels seen in this place.
 G = Mean time per level.
                   A        B        C        D        E       F      G
               +--------+--------+--------+--------+--------+-----+--------+
         Total |   5377 |   4986 |    391 |    517 |   3160 |   9 |  597.4 |
       Dungeon |   5083 |   4718 |    365 |    508 |   3060 |   7 |  726.1 |
        Temple |     27 |      1 |     26 |      0 |      0 |   1 |   27.0 |
         Sewer |    266 |    266 |      0 |      9 |     99 |   1 |  266.0 |
               +--------+--------+--------+--------+--------+-----+--------+

Top non-repeatable levels by time:
     D:5: 1400 daAuts
     D:6: 822 daAuts
     D:4: 698 daAuts
     D:2: 697 daAuts
     D:3: 602 daAuts
     D:1: 556 daAuts
     D:7: 305 daAuts
   Sewer: 266 daAuts
  Temple: 27 daAuts
